 Dungeon Crawl Stone Soup version 0.17.0-28-g6e173f8 (webtiles) character file.

886 lorenzova the Destroyer (level 7, -7/36 HPs)
             Began as a Deep Elf Conjurer on Nov 30, 2015.
             Mangled by a centaur (8 damage)
             ... on level 6 of the Dungeon.
             The game lasted 00:13:11 (5639 turns).

lorenzova the Destroyer (Deep Elf Conjurer)         Turns: 5639, Time: 00:13:11

Health: -7/36      AC:  3    Str:  5    XL:     7   Next: 76%
Magic:  1/19       EV: 13    Int: 22    God:
Gold:   236        SH:  0    Dex: 15    Spells: 3 memorised, 12 levels left

rFire  . . .     SeeInvis .     k - +3 quarterstaff (chaos)
rCold  . . .     Clarity  .     a - +0 robe
rNeg   . . .     SustAt   .     (shield currently unavailable)
rPois  .         Gourm    .     (no helmet)
rElec  .         Spirit   .     n - +0 cloak
rCorr  .         Warding  .     (no gloves)
rMut   .         Stasis   .     (no boots)
MR     .....                    (no amulet)
Stlth  ++........               (no ring)
                                (no ring)

@: not resistant to hostile enchantments, unstealthy
A: no striking features
a: no special abilities


You were on level 6 of the Dungeon.
You were hungry.

You visited 1 branch of the dungeon, and saw 6 of its levels.

You collected 236 gold pieces.

Inventory:

Hand Weapons
 e - a +0 dagger
 k - a +3 quarterstaff of chaos (weapon)
Armour
 a - a +0 robe (worn)
 n - a +0 cloak (worn)
Jewellery
 g - an uncursed amulet of faith
Wands
 s - a wand of digging (7)
Scrolls
 d - a scroll of noise
 l - 3 scrolls of identify {unknown}
 r - a scroll of magic mapping
 t - a scroll of recharging {unknown}
 u - a scroll of blinking {unknown}
 v - a scroll of fear {unknown}
 z - a scroll of amnesia {unknown}
Potions
 h - a potion of lignification {unknown}
 i - 3 potions of heal wounds {unknown}
 j - a potion of might {unknown}
 o - 4 potions of curing {unknown}
 q - a potion of flight {unknown}
 x - a potion of cancellation {unknown}
Books
 b - a book of Conjurations

   Spells                             Type                      Level
   a - Magic Dart                     Conjuration                  1
   b - Searing Ray                    Conjuration                  2
   c - Dazzling Spray                 Conjuration/Hexes            3
   d - Fulminant Prism                Conjuration/Hexes            4
   e - Iskenderun's Mystic Blast      Conjuration                  4
   f - Iskenderun's Battlesphere      Conjuration/Charms           5
 y - a Necronomicon

   Spells                             Type                      Level
   a - Haunt                          Necromancy/Summoning         7
   b - Borgnjor's Revivification      Necromancy                   8
   c - Death's Door                   Charms/Necromancy            8
   d - Necromutation                  Transmutation/Necromancy     8
Comestibles
 c - 3 bread rations
 f - a slice of pizza
 m - 3 fruits
 p - 2 meat rations


   Skills:
 - Level 2.4 Dodging
 - Level 2.4 Stealth
 + Level 7.1 Spellcasting
 * Level 9.2 Conjurations


You had 12 spell levels left.
You knew the following spells:

 Your Spells              Type           Power        Failure   Level  Hunger
a - Magic Dart            Conj           ####         1%          1    None
b - Dazzling Spray        Conj/Hex       ####....     4%          3    None
c - Iskenderun's Mystic   Conj           #####...     1%          4    ###....


Dungeon Overview and Level Annotations

Branches:
Dungeon (6/15)
 Temple: D:4-7

Altars:
Fedhas
Yredelemnul
The Shining One


Message History

That beef jerky was jerk-a-riffic!
Casting: Iskenderun's Mystic Blast
Confirm with . or Enter, or press ? or * to list all spells.
Aiming: Iskenderun's Mystic Blast
Press: ? - help, Shift-Dir - straight line, f/p - centaur
Aim: a centaur (lightly wounded)
The orb of energy misses the centaur.
The orb of energy explodes!
The centaur hits you!
* * * LOW HITPOINT WARNING * * *
Casting: Iskenderun's Mystic Blast
Confirm with . or Enter, or press ? or * to list all spells.
Aiming: Dazzling Spray
Press: ? - help, Shift-Dir - straight line, f/p - centaur
Aim: a centaur (lightly wounded)
The spray of energy hits the centaur.
The centaur is lightly wounded.
The centaur hits you.
* * * LOW HITPOINT WARNING * * *
The centaur hits you!
You die...

###.#(#
..#.# #.#
#.#.#
#.#c#
#.#.#
#.#.#
#.#.#
#@#.#
#c#'#####
#.(.....#
#.......#
#.......#
#.#+#####
#.# #.#
#.#


You could see a centaur.

Vanquished Creatures
  The ghost of Denapoli the Shield-Bearer, an amateur MiFi (D:5)
  A giant frog (D:5)
  5 wights (D:4)
  2 crimson imps (D:5)
  2 jellies (D:5)
  Crazy Yiuf (D:2)
  A hound (D:5)
  Jessica (D:3)
  2 iguanas (D:5)
  A worker ant (D:4)
  4 gnolls
  5 adders
  A shadow imp (D:5)
  An ooze (D:2)
  3 worms
  7 giant geckos
  7 orcs
  7 bats
  6 giant cockroaches
  6 goblins
  11 hobgoblins
  5 kobolds
  2 ball pythons
  2 giant gecko skeletons (D:4)
  4 giant newts
  A quokka (D:3)
  11 rats
  A fungus (D:2)
  6 plants (D:5)
107 creatures vanquished.

Notes
Turn   | Place    | Note
--------------------------------------------------------------
     0 | D:1      | lorenzova the Deep Elf Conjurer began the quest for the Orb.
     0 | D:1      | Reached XP level 1. HP: 10/10 MP: 6/6
   211 | D:1      | Reached skill level 5 in Conjurations
   211 | D:1      | Reached XP level 2. HP: 15/15 MP: 2/8
   674 | D:1      | Reached XP level 3. HP: 19/19 MP: 4/9
   743 | D:1      | Learned a level 3 spell: Dazzling Spray
  1184 | D:2      | Found a basalt altar of Yredelemnul.
  1184 | D:2      | Found a blossoming altar of Fedhas.
  1542 | D:2      | Reached XP level 4. HP: 24/24 MP: 8/11
  1548 | D:2      | Learned a level 4 spell: Iskenderun's Mystic Blast
  1609 | D:2      | Found a faded altar to an unknown god.
  2029 | D:2      | Noticed Crazy Yiuf
  2042 | D:2      | Killed Crazy Yiuf
  2042 | D:2      | Reached skill level 6 in Conjurations
  2240 | D:3      | Noticed Jessica
  2243 | D:3      | Killed Jessica
  2243 | D:3      | Reached XP level 5. HP: 28/28 MP: 2/13
  2783 | D:4      | Reached skill level 5 in Spellcasting
  2838 | D:4      | Reached skill level 7 in Conjurations
  2873 | D:4      | Reached XP level 6. HP: 32/32 MP: 5/15
  4180 | D:5      | Entered Level 5 of the Dungeon
  4326 | D:5      | Reached skill level 8 in Conjurations
  4326 | D:5      | Reached XP level 7. HP: 16/36 MP: 10/18
  4426 | D:5      | Noticed Denapoli's ghost (amateur MiFi)
  4429 | D:5      | Killed Denapoli's ghost
  4979 | D:5      | Reached skill level 9 in Conjurations
  5011 | D:5      | Found a glowing golden altar of the Shining One.
  5639 | D:6      | HP: 1/36 [centaur (5)]
  5639 | D:6      | Mangled by a centaur

Action                   |  1- 3 |  4- 6 |  7- 9 || total
-------------------------+-------+-------+-------++-------
Melee: Dagger            |       |    29 |       ||    29
       Quarterstaff      |       |     8 |    98 ||   106
 Cast: Magic Dart        |    80 |   105 |    43 ||   228
       Dazzling Spray    |       |    13 |     6 ||    19
       Iskenderun's Myst |       |     1 |     8 ||     9
  Use: Scroll            |     4 |       |       ||     4
  Eat: Chunk             |     2 |     9 |     3 ||    14
       Beef jerky        |       |       |     1 ||     1
